 Dungeon Crawl Stone Soup version 0.17-a0-1485-g22cb0ee (webtiles) character file.

251 emikaela the Poker (level 6, -5/43 HPs)
             Began as an Octopode Wanderer on July 5, 2015.
             Was an Initiate of Nemelex Xobeh.
             Splashed by a jelly's acid (10 damage)
             ... on level 3 of the Dungeon.
             The game lasted 00:06:48 (3184 turns).

emikaela the Poker (Octopode Wanderer)              Turns: 3184, Time: 00:06:48

Health: -5/43      AC: -3    Str:  9    XL:     6   Next: 13%
Magic:  7/7        EV: 11    Int: 17    God:    Nemelex Xobeh [......]
Gold:   175        SH:  0    Dex: 13    Spells: 0 memorised, 5 levels left

rFire  . . .     SeeInvis .     a - +2 spear
rCold  . . .     Clarity  .     (no shield)
rNeg   . . .     SustAt   .     (helmet restricted)
rPois  .         Gourm    .     (no amulet)
rElec  .         Spirit   .     (no ring)
rCorr  .         Warding  .     (no ring)
rMut   .         Stasis   .     (no ring)
MR     .....                    (no ring)
Stlth  +++.......               (no ring)
                                (no ring)
                                (no ring)
                                (no ring)

@: corroded equipment, not resistant to hostile enchantments, fairly stealthy
A: almost no armour, amphibious, 8 rings, constrict 8, camouflage 1, gelatinous
body 1
a: Renounce Religion


You were on level 3 of the Dungeon.
You worshipped Nemelex Xobeh.
Nemelex Xobeh was noncommittal.
You were not hungry.

You visited 1 branch of the dungeon, and saw 3 of its levels.

You collected 175 gold pieces.

Inventory:

Hand weapons
 a - a +2 spear (weapon)
 d - a +0 blowgun
 e - a +0 dagger
Missiles
 c - 21 poisoned needles
 i - 116 stones (quivered)
 m - 62 arrows
Scrolls
 b - 3 scrolls of teleportation
 n - 2 scrolls of blinking {unknown}
 o - 2 scrolls of magic mapping {unknown}
 p - 2 scrolls of random uselessness {unknown}
 q - 2 scrolls of remove curse {unknown}
 s - 2 scrolls of identify {unknown}
 u - a scroll of noise {unknown}
Potions
 h - a potion of haste {unknown}
 j - a potion of brilliance {unknown}
 l - a potion of cure mutation {unknown}
 r - 3 potions of agility {unknown}
 t - a potion of heal wounds {unknown}
 w - a potion of magic {unknown}
 z - a potion of resistance {unknown}
Miscellaneous
 x - a plain deck of wonders
 y - a plain deck of destruction
Comestibles
 f - a bread ration
 g - 2 meat rations
 k - a beef jerky


   Skills:
 - Level 4.0 Fighting
 * Level 5.4 Polearms
   Level 1.0 Bows
 - Level 1.0 Throwing
 - Level 1.0 Dodging
 - Level 2.6 Stealth
 + Level 2.1 Evocations


You had 5 spell levels left.
You didn't know any spells.

Dungeon Overview and Level Annotations

Branches:
Dungeon (3/15)

Altars:
Elyvilon
Fedhas
Nemelex Xobeh
Xom


Innate Abilities, Weirdness & Mutations

You cannot wear most types of armour.
You are amphibious.
You can wear up to eight rings at the same time.
You can use your tentacles to constrict eight enemies at once.
Your skin changes colour to match your surroundings (Stealth).
Your rubbery body absorbs attacks (AC +1).


Message History

You reach to attack!
You puncture the jelly!
Your tentacles burn!
The jelly is heavily wounded.
You barely miss the jelly.
You squeeze the jelly, but do no damage.
The jelly is heavily wounded.
You hit the jelly but do no damage.
Your tentacles burn!
The jelly is heavily wounded.
The jelly misses you.
You hit the jelly.
Your tentacles burn!
The jelly is heavily wounded.
The jelly hits you.
You are splashed with acid!
The acid burns!
You are too injured to fight recklessly!
You hit the jelly.
Your tentacles burn!
* * * LOW HITPOINT WARNING * * *
The jelly is almost dead.
The jelly hits you.
* * * LOW HITPOINT WARNING * * *
You are splashed with acid!
The acid corrodes you!
The acid burns!
You die...
Your body disappears without a glow.

.# ##. ## #######..
#. .......# #.
#......#
###.###......#
$.......J...#
###.##)### #@#..#
#........# #.#..#
#.#.##.#.###.#..#
#.....(....#
###.##...#.#
#.#......#
#........##
(...........####...
..%..........'......


You could see a jelly.

Vanquished Creatures
  An ogre (D:3)
  An orc priest (D:3)
  An orc wizard (D:3)
  5 adders
  An ooze (D:1)
  2 worms
  5 giant geckos
  4 orcs (D:3)
  12 bats
  A giant cockroach (D:2)
  4 hobgoblins
  2 jackals (D:3)
  A quokka (D:2)
  A ball python (D:1)
  3 giant newts
  11 goblins
  5 kobolds
  4 rats
64 creatures vanquished.

Notes
Turn   | Place    | Note
--------------------------------------------------------------
     0 | D:1      | emikaela the Octopode Wanderer began the quest for the Orb.
     0 | D:1      | emikaela set off with: a +2 spear, a scroll of teleportation, 10 poisoned needles, a +0 blowgun, a +0 dagger, a bread ration
     0 | D:1      | Reached XP level 1. HP: 17/17 MP: 1/1
   229 | D:1      | Reached XP level 2. HP: 14/22 MP: 2/2
   900 | D:1      | Reached XP level 3. HP: 27/27 MP: 3/3
  1564 | D:2      | Reached XP level 4. HP: 26/33 MP: 4/4
  1841 | D:2      | Found a white marble altar of Elyvilon.
  1843 | D:2      | Found a blossoming altar of Fedhas.
  1854 | D:2      | Became a worshipper of Elyvilon the Healer
  2558 | D:3      | Found a sparkling altar of Nemelex Xobeh.
  2567 | D:3      | Fell from the grace of Elyvilon
  2567 | D:3      | Became a worshipper of Nemelex Xobeh the Trickster
  2594 | D:3      | Found a shimmering altar of Xom.
  2598 | D:3      | Received a gift from Nemelex Xobeh
  2822 | D:3      | Noticed an ogre
  2832 | D:3      | Killed an ogre
  2832 | D:3      | Reached skill level 1 in Evocations
  2832 | D:3      | Reached XP level 5. HP: 37/37 MP: 4/6
  2881 | D:3      | Reached skill level 5 in Polearms
  2896 | D:3      | Reached XP level 6. HP: 11/43 MP: 7/7
  3184 | D:3      | Splashed by a jelly's acid

Vault maps used:
D:1:      sevenhm_arrival_forest_fort_small_6
D:2:      minitemple, kennysheep_generic_room_15
D:3:      nemelex_deck, xom_teletrap_fun

Action                   |  1- 3 |  4- 6 || total
-------------------------+-------+-------++-------
Melee: Spear             |    79 |    88 ||   167
 Fire: Blowgun           |       |    10 ||    10
 Stab: Sleeping          |    17 |     5 ||    22
       Distracted        |       |     1 ||     1
  Eat: Chunk             |     2 |     5 ||     7
